 Dungeon Crawl Stone Soup version 0.31-a0-466-g98c9adc2b6 (webtiles) character file.

Game seed: 14796185743012575199

40 MisterAzrael the Ruffian (level 3, -3/27 HPs)
             Began as a Djinni Shapeshifter on Aug 5, 2023.
             Slain by a gnoll
             ... wielding a +0 whip
              (6 damage)
             ... on level 2 of the Dungeon.
             The game lasted 00:01:12 (996 turns).

MisterAzrael the Ruffian (Djinni Shapeshifter)       Turns: 996, Time: 00:01:13

Health: -3/27      AC:  2    Str: 16    XL:     3   Next: 72%
Gold:   47         EV: 13    Int:  9    God:
                   SH:  0    Dex: 19

rFire   + +          .
                       - Unarmed
rCold   x . .        (no shield)
rNeg    . . .        a - +0 animal skin
rPois   ∞            (helmet currently unavailable)
rElec   .            (cloak currently unavailable)
rCorr   .            (gloves currently unavailable)
SInv    .            (boots unavailable)
Will    .....        (no amulet)
Stlth   ++           f - +6 ring of dexterity
HPRegen 0.24/turn    (no ring)
MPRegen 0.00/turn

%: infuse magic (-4 HP)
@: beast-form, flying
A: beast (slay +2), flying, sickness immunity, fire resistance 2, cold
vulnerability 1, float, innate caster, HP casting, extra vitality 1
a: Begin Untransformation


You were on level 2 of the Dungeon.
You were a hulking beast.
You visited 1 branch of the dungeon, and saw 2 of its levels.

You collected 47 gold pieces.

Inventory:

Armour
 a - a +0 animal skin (worn)
Jewellery
 f - a +6 ring of dexterity (left hand)
Talismans
 c - a beast talisman (active)
Scrolls
 h - a scroll of identify {unknown}
Potions
 b - a potion of lignification
 d - a potion of heal wounds {unknown}
 e - 3 potions of attraction {unknown}
 g - a potion of degeneration {unknown}


   Skills:
 + Level 1.5 Fighting
 + Level 2.6 Dodging
 + Level 3.2 Unarmed Combat
 * Level 1.0 Spellcasting
 * Level 1.0 Conjurations
 * Level 1.0 Hexes
   Level 0.0 Charms
 * Level 1.0 Summonings
 * Level 1.0 Necromancy
 * Level 1.0 Translocations
 * Level 1.0 Transmutations
 * Level 1.0 Fire Magic
 * Level 1.0 Ice Magic
 * Level 1.0 Air Magic
 * Level 1.0 Earth Magic
 * Level 1.0 Poison Magic
 + Level 2.9 Shapeshifting


You knew the following spells:

 Your Spells              Type           Power      Damage    Failure   Level
a - Foxfire               Conj/Fire      8%         2x1d4     24%         1
Your spell library was empty.

Dungeon Overview and Level Annotations

Branches:
Dungeon (2/15)

Altars:


Innate Abilities, Weirdness & Mutations

You are a hulking beast.
Your limbs bulge with bestial killing power. (Slay +2)
You are flying.
You are immune to sickness and miasma.
You are immune to poison.
Your flesh is very heat resistant. (rF++)
You are vulnerable to cold. (rC-)
You float through the air rather than walking.
You learn spells naturally, not from books.
Your magical power is your life essence.
You have superior vitality. (+4 MHP)


Message History

Your Fire Magic skill increases to level 1!
Your Ice Magic skill increases to level 1!
Your Air Magic skill increases to level 1!
Your Earth Magic skill increases to level 1!
Your Poison Magic skill increases to level 1!
No target in view!
Your foxfire dissipates! x2
A gnoll comes into view. It is wielding a +0 whip.
You conjure some foxfire!
Your foxfire dissipates!
The foxfire hits the gnoll.
The gnoll is lightly wounded.
You conjure some foxfire!
The foxfire hits the gnoll but does no damage.
The gnoll is lightly wounded.
The foxfire hits the gnoll.
The gnoll is lightly wounded.
The gnoll hits you with a +0 whip!
A gnoll comes into view. It is wielding a +0 club.
You are too injured to fight recklessly!
You are too injured to fight recklessly!
You are too injured to fight recklessly!
You are too injured to fight recklessly!
Casting: Foxfire (safe; 24% risk of failure)
Press: ? - help, Q - select action Dir - look around, f - activate You conjure some foxfire!
The gnoll shouts!
* * * LOW HITPOINT WARNING * * *
You hear a shout!
The gnoll hits you with a +0 whip.
* * * LOW HITPOINT WARNING * * *
You hit the gnoll.
The gnoll is heavily wounded.
The foxfire hits the gnoll.
The gnoll is heavily wounded.
The foxfire hits the gnoll.
The gnoll is severely wounded.
A gnoll comes into view. It is wielding a +0 flail.
The gnoll hits you with a +0 whip.
You die...

#.# #[# #.#
##)# #..#
#.## #.#
#######§#####
.......h....#
....###g###.#
## #g# ..g
#####


You could see 3 gnolls.

Vanquished Creatures
  A worm (D:2)
  A dart slug (D:1)
  2 endoplasms (D:1)
  4 hobgoblins (D:1)
  5 jackals (D:1)
  A quokka (D:1)
  3 ball pythons (D:1)
  4 bats (D:1)
  A frilled lizard (D:1)
  4 goblins (D:1)
  3 kobolds
  4 rats (D:1)
33 creatures vanquished.

Vanquished Creatures (others)
  30 foxfires
30 creatures vanquished.

Grand Total: 63 creatures vanquished

Notes
Turn   | Place    | Note
-------+----------+-------------------------------------------
     0 | D:1      | MisterAzrael the Djinni Shapeshifter began the quest for
                  | the Orb.
     0 | D:1      | Reached XP level 1. HP: 17/17 MP: 0/0
    99 | D:1      | Reached XP level 2. HP: 18/22 MP: 0/0
   376 | D:1      | Reached XP level 3. HP: 27/27 MP: 0/0
   376 | D:1      | Learned a level 1 spell: Foxfire
   988 | D:2      | Reached skill level 1 in Spellcasting
   988 | D:2      | Reached skill level 1 in Conjurations
   988 | D:2      | Reached skill level 1 in Hexes
   988 | D:2      | Reached skill level 1 in Summonings
   988 | D:2      | Reached skill level 1 in Necromancy
   988 | D:2      | Reached skill level 1 in Translocations
   988 | D:2      | Reached skill level 1 in Transmutations
   988 | D:2      | Reached skill level 1 in Fire Magic
   988 | D:2      | Reached skill level 1 in Ice Magic
   988 | D:2      | Reached skill level 1 in Air Magic
   988 | D:2      | Reached skill level 1 in Earth Magic
   988 | D:2      | Reached skill level 1 in Poison Magic
   996 | D:2      | Slain by a gnoll

Illustrated notes

Levels and vault maps discovered:
D:1:      dpeg_arrival_brainrot, layout_basic, minmay_misc_feat_diagonals
D:2:      layout_loops_ring, uniq_sigmund

Skill      XL: |  1  2  3 |
---------------+----------+-----
Spellcasting   | 1 |  1.0
Conjurations   | 1 |  1.0
Hexes          | 1 |  1.0
Summonings     | 1 |  1.0
Necromancy     | 1 |  1.0
Translocations | 1 |  1.0
Transmutations | 1 |  1.0
Fire Magic     | 1 |  1.0
Ice Magic      | 1 |  1.0
Air Magic      | 1 |  1.0
Earth Magic    | 1 |  1.0
Poison Magic   | 1 |  1.0
Fighting       | |  1.5
Dodging        | |  2.6
Unarmed Combat | |  3.2
Shapeshifting  | |  2.9

Action                     || total
---------------------------++-------
  Melee: Unarmed           ||    78
         Punch             ||     3
   Cast: Foxfire           ||    17
 Armour: Animal skin       ||    15
  Dodge: Dodged            ||    58

Table legend: (Time is in decaauts)
 A = Elapsed time spent in this place.
 B = Non-inter-level travel time spent in this place.
 C = Inter-level travel time spent in this place.
 D = Time resting spent in this place.
 E = Time spent auto-exploring this place.
 F = Levels seen in this place.
 G = Mean time per level.
                   A        B        C        D        E       F      G
               +--------+--------+--------+--------+--------+-----+--------+
         Total |    991 |    979 |     12 |     17 |    751 |   2 |  495.5 |
       Dungeon |    991 |    979 |     12 |     17 |    751 |   2 |  495.5 |
               +--------+--------+--------+--------+--------+-----+--------+

Top non-repeatable levels by time:
     D:1: 960 daAuts
     D:2: 31 daAuts
